 Dungeon Crawl Stone Soup version 0.25-a0-528-g6b7c99946c (webtiles) character file.

Game seed: 1465456785711064203, levelgen mode: classic

10085 EnegeticOcto the Cleaver (level 11, -12/104 HPs)
             Began as a Deep Dwarf Fighter on Feb 19, 2020.
             Was a Believer of Makhleb.
             Mangled by Snorg (17 damage)
             ... while paralysed
             ... on level 10 of the Dungeon.
             The game lasted 00:04:43 (5196 turns).

EnegeticOcto the Cleaver (Deep Dwarf Fighter)       Turns: 5196, Time: 00:04:44

Health: -12/104    AC: 17    Str: 22    XL:     11   Next: 31%
Magic:  7/7        EV:  2    Int: 10    God:    Makhleb [**....]
Gold:   462        SH:  0    Dex: 12    Spells: 10/10 levels left

rFire    + . .     SeeInvis +   t - +3 war axe (vorpal)
rCold    + . .     Gourm    .   c - +0 kite shield
rNeg     . . .     Faith    .   z - +0 chain mail
rPois    .         Spirit   .   G - +1 hat {SInv}
rElec    .         Reflect  .   a - scarf {rC+ rF+}
rCorr    .         Harm     .   x - +2 pair of gloves
MR       ++...                  h - +1 pair of boots
Stlth    ..........             s - amulet of the acrobat
HPRegen  0.00/turn              (no ring)
MPRegen  0.10/turn              w - ring of protection from magic

@: paralysed, berserk cooldown, non-regenerating, slowed, lightly drained
A: damage resistance, heal wounds, sense surroundings 2, no regeneration
a: Heal Wounds, Minor Destruction, Renounce Religion


You were on level 10 of the Dungeon.
You worshipped Makhleb.
Makhleb was pleased with you.
You were not hungry.

You visited 2 branches of the dungeon, and saw 11 of its levels.

You collected 512 gold pieces.
You spent 50 gold pieces at shops.

Inventory:

Hand Weapons
 t - a +3 vorpal war axe (weapon)
Missiles
 B - 4 throwing nets (quivered)
Armour
 a - a scarf of resistance (worn)
 b - a +0 scale mail
 c - a +0 kite shield (worn)
 d - a +0 helmet
 h - a +1 pair of boots (worn)
 x - a +2 pair of gloves (worn)
 z - a +0 chain mail (worn)
 G - a +1 hat of see invisible (worn)
Jewellery
 s - an amulet of the acrobat (around neck)
 w - a ring of protection from magic (right hand)
Wands
 v - a wand of polymorph (8)
 E - a wand of enslavement (14)
 F - a wand of flame (18)
Scrolls
 f - 2 scrolls of blinking {@r3}
 i - a scroll of fear
 l - 4 scrolls of identify {@r1}
 p - 4 scrolls of teleportation {@r2}
 u - 4 scrolls of remove curse {@r6}
 y - a scroll of enchant weapon
 C - a scroll of enchant armour
 D - a scroll of acquirement {unknown}
Potions
 g - 4 potions of curing {@q1}
 j - 4 potions of ambrosia
 k - 2 potions of might {@q3}
 m - 3 potions of flight
 n - a potion of haste {@q4}
 o - a potion of resistance {unknown}
 q - a potion of heal wounds {unknown}
 r - a potion of berserk rage
Comestibles
 e - 18 rations
 A - 22 chunks of flesh


   Skills:
 * Level 8.6(8.5) Fighting
 * Level 9.9 Axes
 + Level 7.8 Armour
 + Level 6.6 Dodging
 + Level 7.6 Shields
 * Level 8.8 Invocations


You had 10 spell levels left.
You didn't know any spells.
Your spell library contained the following spells:

 Spells                   Type           Power        Failure   Level  Hunger
 Magic Dart               Conj           #...         100%        1    ##.....
 Summon Small Mammal      Summ           #...         100%        1    ##.....
 Blink                    Tloc           N/A          100%        2    ###....
 Call Imp                 Summ           #.......     100%        2    ###....
 Slow                     Hex            #.......     100%        2    ###....
 Call Canine Familiar     Summ           #.......     100%        3    ####...
 Conjure Flame            Conj/Fire      #.......     100%        3    ####...
 Mephitic Cloud           Conj/Pois/Air  #.......     100%        3    ####...
 Summon Guardian Golem    Hex/Summ       #.......     100%        3    ####...
 Summon Ice Beast         Ice/Summ       #.......     100%        4    #####..
 Summon Lightning Spire   Summ/Air       #.......     100%        4    #####..


Dungeon Overview and Level Annotations

Branches:
Dungeon (10/15)            Temple (1/1) D:6
   Lair: D:8-11         Orc: D:9-12

Altars:
Ashenzari
Cheibriados
Elyvilon
Fedhas
Gozag
Hepliaklqana
Kikubaaqudgha
Makhleb
Okawaru
Qazlal
Sif Muna
Trog
Uskayaw
Vehumet
Wu Jian
Xom
Yredelemnul
Zin
The Shining One

Shops:
D:4 %!

Annotations:
D:6 2 transporters
D:10 Snorg


Innate Abilities, Weirdness & Mutations

You are resistant to damage.
You can heal yourself by infusing magical energy.
You passively map the area around you.
You do not regenerate.


Message History

You block Snorg's attack. Snorg barely misses you. Snorg claws you!
You block Snorg's attack. Snorg claws you. Snorg closely misses you.
You slash Snorg!
Snorg is lightly wounded.
You block Snorg's attack. Snorg claws you! x2
You are too injured to fight recklessly!
You are too injured to fight recklessly!
You are too injured to fight recklessly!
You are too injured to fight recklessly!
You are too injured to fight recklessly!
You are too injured to fight recklessly!
You are too injured to fight recklessly!
You are too injured to fight recklessly!
You feel much better. You block Snorg's attack. Snorg claws you!
Snorg claws you but does no damage. You block Snorg's attack. Snorg claws you.
You block Snorg's attack.
You feel much better. Snorg closely misses you. Snorg claws you.
You block Snorg's attack.
You feel much better. Snorg completely misses you. Snorg barely misses you.
Snorg claws you. Snorg closely misses you. Snorg claws you!
Snorg barely misses you.
Okay, then.
Evoke which item? (* to show all) (? for menu, Esc to quit)
Okay, then.
A red film seems to cover your vision as you go berserk!
You feel yourself moving faster!
You feel mighty! You block Snorg's attack. Snorg barely misses you.
You block Snorg's attack.
You completely miss Snorg.
Snorg is lightly wounded.
You block Snorg's attack. Snorg claws you but does no damage.
You block Snorg's attack. Snorg bites you but does no damage.
Snorg completely misses you. Snorg claws you!
You slash Snorg!
Snorg is lightly wounded.
You slice Snorg!!
Snorg is moderately wounded.
Snorg bites you!! You block Snorg's attack. Snorg misses you.
Snorg barely misses you. x2; Snorg claws you.
You slice Snorg!!
Snorg is heavily wounded.
You block Snorg's attack. x2; Snorg completely misses you.
You slice Snorg!!
Snorg is heavily wounded.
Snorg closely misses you. x2; You block Snorg's attack.
You slash Snorg!
Snorg is severely wounded.
Snorg bites you but does no damage. You block Snorg's attack. Snorg claws you.
You closely miss Snorg.
Snorg is severely wounded.
You block Snorg's attack. Snorg claws you! You block Snorg's attack.
You are too injured to fight recklessly!
You are too injured to fight recklessly!
You are too injured to fight recklessly!
You are too injured to fight recklessly!
You are too injured to fight recklessly!
You are too injured to fight recklessly!
You are too injured to fight recklessly!
You are too injured to fight recklessly!
You are too injured to fight recklessly!
You are too injured to fight recklessly!
You are too injured to fight recklessly!
You are too injured to fight recklessly!
You are too injured to fight recklessly!
You slash Snorg!
Snorg is severely wounded.
Snorg barely misses you. You block Snorg's attack. x2
Your chain mail prevents you from hitting Snorg.
Snorg is severely wounded.
You block Snorg's attack. Snorg claws you but does no damage.
Snorg barely misses you.
You slash Snorg!
Snorg is almost dead.
Snorg bites you!!
* * * LOW HITPOINT WARNING * * *
Snorg claws you but does no damage. x2
You closely miss Snorg.
Snorg is severely wounded.
You block Snorg's attack. Snorg claws you but does no damage. Snorg claws you!
* * * LOW HITPOINT WARNING * * *
You barely miss Snorg.
Snorg is severely wounded.
Snorg bites you but does no damage. You block Snorg's attack. Snorg misses you.
You block Snorg's attack. Snorg claws you. You block Snorg's attack.
You hit Snorg.
Snorg is almost dead.
Snorg completely misses you. Snorg closely misses you. Snorg claws you!
* * * LOW HITPOINT WARNING * * *
You barely miss Snorg.
Snorg is almost dead.
Snorg bites you but does no damage. You block Snorg's attack. x2
You slash Snorg!
Snorg is almost dead.
You are no longer berserk.
You pass out from exhaustion.
You feel yourself slow down. Snorg bites you but does no damage.
Snorg claws you!
* * * LOW HITPOINT WARNING * * *
Snorg claws you but does no damage. Snorg bites you!!
You die...

######################## *
..............#......... ,,
..............#.........,,,
, ,
..............#......... ,
..............#.........
,,,
.#............#........# ,
,, .#######............>..#
,, .......#........@T.....#
, ,
.......#...............#*
.......#................ ,
.......#......########## ,
.......#......# , , ,,
.#######......# , , , ,
.......#......#, , , ,,
.......#......# , ,
.......# , * ,, * *


You could see Snorg (berserk).

Vanquished Creatures
  Gastronok (D:9)
  Harold (D:8)
  Erica (D:8)
  3 two-headed ogres
  2 deep elf magi (D:9)
  A merfolk (D:9)
  A hornet (D:9)
  A hippogriff (D:8)
  4 yaks (D:10)
  Menkaure (D:5)
  Edmund (D:5)
  A swamp drake (D:9)
  2 ice beasts
  6 ogres
  3 centaurs
  A big kobold (D:9)
  4 bullfrogs
  A wyvern zombie (D:10)
  3 scorpions
  5 howler monkeys
  3 crimson imps
  A quasit (D:8)
  5 hounds
  An iron imp (D:9)
  A jelly (D:6)
  4 orc priests
  A centaur skeleton (D:5)
  10 orc wizards
  2 bullfrog skeletons
  An iguana (D:7)
  6 worker ants
  A killer bee zombie (D:10)
  A hound zombie (D:8)
  A hound skeleton (D:6)
  2 howler monkey zombies
  10 adders
  4 gnolls
  5 shadow imps
  A white imp (D:9)
  An ooze (D:4)
  An adder zombie (D:5)
  2 worms (D:5)
  6 leopard geckos
  32 orcs
  3 giant cockroaches
  2 hobgoblins (D:2)
  14 jackals
  7 kobolds
  3 quokkas
  2 ball pythons (D:4)
  4 bats
  2 frilled lizards
  7 goblins
  A jackal skeleton (D:5)
  A quokka skeleton (D:5)
  2 rats
193 creatures vanquished.

Vanquished Creatures (others)
  An orc wizard (D:9)
1 creature vanquished.

Grand Total: 194 creatures vanquished

Notes
Turn   | Place    | Note
-------+----------+-------------------------------------------
     0 | D:1      | EnegeticOcto the Deep Dwarf Fighter began the quest for the
                  | Orb.
     0 | D:1      | Reached XP level 1. HP: 20/20 MP: 1/1
   103 | D:2      | Reached XP level 2. HP: 24/27 MP: 2/2
   119 | D:2      | Noticed a crimson imp
   132 | D:2      | Killed a crimson imp
   132 | D:2      | Reached skill level 3 in Axes
   132 | D:2      | Reached skill level 1 in Dodging
   132 | D:2      | Reached XP level 3. HP: 30/34 MP: 3/3
   262 | D:3      | Reached XP level 4. HP: 42/42 MP: 3/3
   448 | D:4      | Reached XP level 5. HP: 48/49 MP: 4/4
   552 | D:4      | Found Ruirghuet's Food Boutique.
   565 | D:4      | Noticed an ogre
   569 | D:4      | Killed an ogre
   737 | D:4      | Found Dohopt's Distillery.
   742 | D:4      | Bought a potion of berserk rage for 50 gold pieces
   759 | D:4      | Reached skill level 4 in Axes
   759 | D:4      | Reached XP level 6. HP: 49/57 MP: 5/5
   788 | D:4      | Noticed an ice beast
   798 | D:4      | Killed an ice beast
  1130 | D:5      | Entered Level 5 of the Dungeon
  1149 | D:5      | Reached XP level 7. HP: 46/66 MP: 6/6
  1178 | D:5      | Noticed Menkaure
  1183 | D:5      | Killed Menkaure
  1183 | D:5      | Reached skill level 5 in Axes
  1310 | D:5      | Reached skill level 5 in Fighting
  1310 | D:5      | Reached skill level 5 in Armour
  1358 | D:5      | Reached skill level 5 in Shields
  1594 | D:5      | Reached XP level 8. HP: 65/74 MP: 6/6
  1758 | D:5      | Noticed Edmund
  1768 | D:5      | Killed Edmund
  1768 | D:5      | Reached skill level 6 in Axes
  2267 | D:6      | Found a white marble altar of Elyvilon.
  2268 | D:6      | Found an opulent altar of Gozag.
  2270 | D:6      | Found a transporter.
  2271 | D:6      | Noticed a gargoyle
  2279 | D:6      | Found a transporter.
  2428 | D:6      | Found a staircase to the Ecumenical Temple.
  2455 | Temple   | Entered the Ecumenical Temple
  2491 | Temple   | Became a worshipper of Makhleb the Destroyer
  2621 | D:6      | Reached skill level 1 in Invocations
  2851 | D:7      | Reached skill level 7 in Axes
  2851 | D:7      | Gained mutation: You passively map the area around you.
                  | [Deep Dwarf growth]
  2851 | D:7      | Reached XP level 9. HP: 42/82 MP: 8/8
  2996 | D:7      | Found a shattered altar of Ashenzari.
  3291 | D:7      | Found a burning altar of Makhleb.
  3459 | D:8      | Noticed Harold
  3478 | D:8      | Killed Harold
  3523 | D:8      | Reached skill level 5 in Dodging
  3606 | D:8      | Noticed a two-headed ogre
  3619 | D:8      | Killed a two-headed ogre
  3619 | D:8      | Reached skill level 8 in Axes
  3619 | D:8      | Reached skill level 5 in Invocations
  3701 | D:8      | Found a bloodstained altar of Trog.
  3895 | D:8      | Noticed Erica
  3898 | D:8      | Reached * piety under Makhleb
  3898 | D:8      | Reached XP level 10. HP: 61/94 MP: 9/9
  3917 | D:8      | Killed Erica
  4052 | D:9      | Noticed Gastronok
  4083 | D:9      | Killed Gastronok
  4083 | D:9      | Reached skill level 9 in Axes
  4163 | D:9      | Noticed a two-headed ogre
  4176 | D:9      | Killed a two-headed ogre
  4177 | D:9      | Found a basalt altar of Yredelemnul.
  4177 | D:9      | Found an ancient bone altar of Kikubaaqudgha.
  4304 | D:9      | Found a radiant altar of Vehumet.
  4305 | D:9      | Found an iron altar of Okawaru.
  4306 | D:9      | Found a snail-covered altar of Cheibriados.
  4306 | D:9      | Found a blossoming altar of Fedhas.
  4307 | D:9      | Found an ornate altar of the Wu Jian Council.
  4367 | D:9      | Paralysed by a hornet for 3 turns
  4531 | D:9      | Noticed an angel
  4532 | D:9      | Found a glowing silver altar of Zin.
  4534 | D:9      | Found a shimmering altar of Xom.
  4735 | D:9      | Reached XP level 11. HP: 97/103 MP: 7/7
  4756 | D:9      | Noticed a deep elf mage
  4780 | D:9      | Killed a deep elf mage
  4780 | D:9      | Reached ** piety under Makhleb
  4801 | D:9      | Noticed a deep elf mage
  4808 | D:9      | Killed a deep elf mage
  4970 | D:10     | Entered Level 10 of the Dungeon
  5120 | D:10     | Noticed a two-headed ogre
  5130 | D:10     | Killed a two-headed ogre
  5171 | D:10     | Noticed Snorg
  5195 | D:10     | HP: 5/104 [Snorg (5)]
  5196 | D:10     | Mangled by Snorg

Levels and vault maps discovered:
D:1:      dpeg_arrival_rooms_a, layout_rooms,
          hangedman_abyss_or_decor_lesser_grid, feat_on_display
D:2:      layout_loops_ring
D:3:      layout_loops_ring, lemuel_angel_altar
D:4:      layout_gridville, serial_shops, kennysheep_little_box,
          nicolae_shop_behind_doors
D:5:      layout_loops_corners, first_ration, nzn_random_ring, uniq_edmund,
          uniq_menkaure
D:6:      layout_basic, gammafunk_temple_overflow_arena, temple_doors_e
D:7:      layout_loops_ring, old_standard_altar, basic_altar
D:8:      layout_basic, basic_altar, uniq_erica, uniq_harold
D:9:      layout_loops_ring, grunt_temple_overflow_order_and_chaos_1,
          grunt_temple_overflow_open, hangedman_fish_farm,
          hangedman_minor_magic, uniq_gastronok
D:10:     layout_grid_maze, special_room [special_room_kobold], serial_shops,
          shop, chequers_hall_statues_corner_a, uniq_josephine, uniq_maggie,
          uniq_snorg
Temple:   compressed_dpeg_circular_temple

Skill      XL: |  1  2  3  4  5  6  7  8  9 10 |
---------------+-------------------------------+-----
Fighting       | 3 4 5 6 7 8 |  8.6
Axes           | 3 4 5 7 8 9 |  9.9
Dodging        | 1 2 3 4 5 6 |  6.6
Armour         | 4 5 6 7 |  7.8
Shields        | 4 5 6 7 |  7.6
Invocations    | 2 5 8 |  8.8

Action                   |  1- 3 |  4- 6 |  7- 9 | 10-12 || total
-------------------------+-------+-------+-------+-------++-------
Melee: War axe           |    55 |   144 |   253 |   209 ||   661
 Abil: Heal Wounds       |     1 |     2 |     9 |    18 ||    30
  Use: Scroll            |       |     3 |     9 |       ||    12
       Potion            |       |       |       |     1 ||     1
  Eat: Chunk             |       |     1 |    10 |     4 ||    15
Armor: Scale mail        |    36 |    69 |    62 |       ||   167
       Chain mail        |       |       |    26 |    91 ||   117
Dodge: Dodged            |    17 |    53 |   100 |    77 ||   247
Block: Kite shield       |    36 |    84 |   135 |   138 ||   393

Table legend:
 A = Non-vault XP
 B = Vault XP
 C = Vault XP percentage of total XP
 D = Non-vault monster count
 E = Vault monster count
 F = Vault count percentage of total count
                 A         B        C        D         E       F
            +---------+---------+-------+---------+---------+-------
      Total |    7843 |    6565 |  45.6 |     160 |      34 |  17.5
            +---------+---------+-------+---------+---------+-------
        D:1 |       2 |       0 |   0.0 |       2 |       0 |   0.0
        D:2 |      92 |       0 |   0.0 |      12 |       0 |   0.0
        D:3 |      96 |       0 |   0.0 |      22 |       0 |   0.0
        D:4 |     526 |       0 |   0.0 |      28 |       0 |   0.0
        D:5 |     353 |     674 |  65.6 |      15 |      12 |  44.4
        D:6 |     837 |       0 |   0.0 |      20 |       0 |   0.0
        D:7 |     430 |       0 |   0.0 |      12 |       0 |   0.0
        D:8 |    1603 |    1934 |  54.7 |      16 |       3 |  15.8
        D:9 |    1948 |    3957 |  67.0 |      21 |      19 |  47.5
       D:10 |    1956 |       0 |   0.0 |      12 |       0 |   0.0
            +---------+---------+-------+---------+---------+-------
